[ AOE2 MATCH · #504705859 ]
UnrankedMongols vs Lithuanians
Player's team · WIN
Rival team · LOSS
[ REPLAY ANALYSIS · EXTRACTED FROM THE RECORDED GAME ]
Feudal
8:28
Castle
22:00
Imperial
—
| APM avg | 76.7 |
| APM peak | 116 |
| eAPM avg | 34.5 |
| Villagers / military | 98 / 69 |
Focus
⚔️ 49.3% · 🌾 50.7%
Cavalry Archer ×24 · Camel Scout ×22 · Archer ×14 · Mangonel ×3 · Scout Cavalry ×3 · Militia ×2
Feudal
11:10
Castle
23:30
Imperial
—
| APM avg | 50.6 |
| APM peak | 80 |
| eAPM avg | 26.8 |
| Villagers / military | 102 / 34 |
Focus
⚔️ 28.9% · 🌾 71.1%
Skirmisher ×15 · Knight ×10 · Monk ×3 · Militia ×3 · Spearman ×2 · Archer ×1
Match map
Initial resources + every placement click. Lines = walls · curves = elevation contours. ◆ gold · ⬟ stone · ● berries · ✦ relic · ◌ wall gap
Your base· Open — opponent sealed themselves in
korn's base· ✓ Closed at 23:30 · 51t walls · 1 gate(s)
Smoothed initial terrain · ◌ = detected wall gap · hover for details
Inputs per minute
— Overcat - - korn
Build order — Overcat
First 150 of 262 actions detected
| 0:00 | Queue | Villager (Male) |
| 0:02 | Build | House |
| 0:02 | Build | House |
| 0:05 | Queue | Villager (Male) |
| 0:06 | Queue | Villager (Male) |
| 0:07 | Queue | Villager (Male) |
| 1:24 | Queue | Villager (Male) |
| 1:24 | Queue | Villager (Male) |
| 1:55 | Build | Lumber Camp |
| 1:59 | Queue | Villager (Male) |
| 2:16 | Queue | Villager (Male) |
| 2:34 | Queue | Villager (Male) |
| 2:35 | Queue | Villager (Male) |
| 3:12 | Queue | Villager (Male) |
| 3:17 | Queue | Villager (Male) |
| 3:24 | Build | House |
| 3:31 | Build | House |
| 3:54 | Queue | Villager (Male) |
| 3:55 | Queue | Villager (Male) |
| 3:55 | Queue | Villager (Male) |
| 4:09 | Queue | Villager (Male) |
| 4:18 | Queue | Villager (Male) |
| 4:51 | Queue | Villager (Male) |
| 5:22 | Build | Barracks |
| 5:41 | Queue | Villager (Male) |
| 5:43 | Research | Loom |
| 5:46 | Queue | Villager (Male) |
| 5:59 | Build | Palisade Wall |
| 5:59 | Build | Palisade Wall |
| 6:01 | Build | Palisade Wall |
| 6:01 | Build | Palisade Wall |
| 6:02 | Build | Palisade Wall |
| 6:16 | Research | Feudal Age |
| 6:24 | Build | Palisade Wall |
| 7:22 | Queue | Militia |
| 7:22 | Queue | Militia |
| 7:34 | Queue | Villager (Male) |
| 7:55 | Build | Mining Camp |
| 8:06 | Queue | Villager (Male) |
| 8:23 | Queue | Villager (Male) |
| 8:28 | Age | Feudal Age |
| 8:54 | Queue | Villager (Male) |
| 8:57 | Research | Town Watch |
| 8:59 | Build | House |
| 9:28 | Queue | Villager (Male) |
| 9:29 | Queue | Villager (Male) |
| 9:34 | Build | Archery Range |
| 10:01 | Queue | Villager (Male) |
| 10:22 | Queue | Archer |
| 10:23 | Queue | Villager (Male) |
| 10:24 | Build | House |
| 10:50 | Queue | Villager (Male) |
| 10:57 | Build | Watch Tower |
| 11:01 | Queue | Archer |
| 11:05 | Build | House |
| 11:09 | Build | Mill |
| 11:12 | Queue | Villager (Male) |
| 11:26 | Queue | Villager (Male) |
| 11:38 | Build | House |
| 11:39 | Build | Palisade Wall |
| 11:40 | Queue | Archer |
| 11:40 | Queue | Archer |
| 11:41 | Queue | Villager (Male) |
| 12:10 | Build | Watch Tower |
| 12:11 | Queue | Villager (Male) |
| 12:15 | Queue | Archer |
| 12:15 | Queue | Archer |
| 12:36 | Research | Double-Bit Axe |
| 12:36 | Research | Double-Bit Axe |
| 12:37 | Research | Double-Bit Axe |
| 12:43 | Queue | Villager (Male) |
| 13:00 | Build | Farm |
| 13:10 | Queue | Villager (Male) |
| 13:10 | Queue | Villager (Male) |
| 13:13 | Build | House |
| 13:47 | Queue | Villager (Male) |
| 13:49 | Queue | Archer |
| 14:15 | Queue | Archer |
| 14:15 | Queue | Archer |
| 14:16 | Queue | Villager (Male) |
| 14:30 | Queue | Archer |
| 14:30 | Queue | Archer |
| 14:35 | Queue | Villager (Male) |
| 14:58 | Queue | Archer |
| 14:59 | Queue | Archer |
| 14:59 | Queue | Archer |
| 15:03 | Queue | Villager (Male) |
| 15:09 | Build | Farm |
| 15:19 | Build | Farm |
| 15:35 | Queue | Villager (Male) |
| 15:35 | Queue | Villager (Male) |
| 15:38 | Build | Farm |
| 15:51 | Build | Farm |
| 15:55 | Queue | Villager (Male) |
| 16:04 | Build | Stable |
| 16:11 | Queue | Villager (Male) |
| 16:19 | Build | Farm |
| 16:34 | Build | House |
| 16:36 | Queue | Villager (Male) |
| 16:47 | Queue | Villager (Male) |
| 16:58 | Build | House |
| 17:09 | Build | Palisade Wall |
| 17:10 | Build | Palisade Wall |
| 17:15 | Build | Farm |
| 17:16 | Queue | Scout Cavalry |
| 17:18 | Build | Farm |
| 17:19 | Queue | Villager (Male) |
| 17:37 | Build | Farm |
| 17:47 | Queue | Villager (Male) |
| 18:13 | Queue | Villager (Male) |
| 18:34 | Queue | Villager (Male) |
| 18:36 | Build | Market |
| 19:17 | Research | Castle Age |
| 19:18 | Research | Castle Age |
| 19:33 | Build | Archery Range |
| 19:49 | Build | House |
| 19:51 | Build | Palisade Wall |
| 19:55 | Build | Palisade Wall |
| 20:09 | Build | Blacksmith |
| 20:18 | Build | Palisade Wall |
| 20:27 | Queue | Villager (Male) |
| 20:39 | Research | Horse Collar |
| 20:39 | Research | Horse Collar |
| 20:39 | Research | Gold Mining |
| 20:40 | Research | Gold Mining |
| 21:01 | Research | Fletching |
| 21:01 | Research | Fletching |
| 21:02 | Queue | Villager (Male) |
| 21:18 | Research | Bloodlines |
| 21:21 | Build | Farm |
| 21:25 | Build | Lumber Camp |
| 21:26 | Queue | Villager (Male) |
| 21:40 | Build | Farm |
| 21:47 | Build | Farm |
| 21:49 | Queue | Villager (Male) |
| 21:53 | Build | Palisade Wall |
| 22:00 | Age | Castle Age |
| 22:02 | Queue | Cavalry Archer |
| 22:03 | Queue | Cavalry Archer |
| 22:07 | Queue | Villager (Male) |
| 22:14 | Research | Bodkin Arrow |
| 22:19 | Build | Palisade Wall |
| 22:26 | Queue | Cavalry Archer |
| 22:26 | Queue | Cavalry Archer |
| 22:26 | Queue | Cavalry Archer |
| 22:34 | Queue | Villager (Male) |
| 22:34 | Queue | Villager (Male) |
| 22:54 | Queue | Villager (Male) |
| 22:56 | Queue | Cavalry Archer |
| 22:56 | Queue | Cavalry Archer |
Build order — korn
First 150 of 238 actions detected
| 0:00 | Queue | Villager (Male) |
| 0:01 | Queue | Villager (Male) |
| 0:01 | Queue | Villager (Male) |
| 0:02 | Build | House |
| 0:03 | Build | House |
| 0:05 | Queue | Villager (Male) |
| 0:11 | Queue | Villager (Male) |
| 0:14 | Queue | Villager (Male) |
| 1:23 | Queue | Villager (Male) |
| 2:16 | Build | Barracks |
| 2:16 | Queue | Villager (Male) |
| 2:28 | Queue | Villager (Male) |
| 2:48 | Queue | Villager (Male) |
| 3:16 | Build | House |
| 3:20 | Research | Loom |
| 3:22 | Queue | Militia |
| 3:23 | Queue | Militia |
| 3:36 | Queue | Villager (Male) |
| 3:47 | Queue | Militia |
| 3:49 | Build | House |
| 3:58 | Queue | Villager (Male) |
| 4:23 | Build | Palisade Wall |
| 4:33 | Queue | Villager (Male) |
| 4:34 | Queue | Villager (Male) |
| 4:53 | Queue | Villager (Male) |
| 4:54 | Build | Palisade Wall |
| 4:56 | Build | Palisade Wall |
| 5:49 | Queue | Villager (Male) |
| 5:50 | Queue | Villager (Male) |
| 5:56 | Build | Palisade Wall |
| 6:00 | Queue | Villager (Male) |
| 6:05 | Queue | Villager (Male) |
| 6:17 | Queue | Villager (Male) |
| 6:42 | Queue | Villager (Male) |
| 6:44 | Build | Lumber Camp |
| 7:04 | Queue | Villager (Male) |
| 7:08 | Queue | Villager (Male) |
| 7:29 | Queue | Villager (Male) |
| 7:32 | Queue | Villager (Male) |
| 7:34 | Queue | Villager (Male) |
| 7:46 | Build | Mill |
| 7:46 | Queue | Villager (Male) |
| 7:51 | Build | Palisade Wall |
| 8:13 | Queue | Villager (Male) |
| 8:36 | Queue | Villager (Male) |
| 8:46 | Build | Palisade Wall |
| 8:47 | Build | Palisade Wall |
| 8:55 | Build | Palisade Wall |
| 9:00 | Research | Feudal Age |
| 9:00 | Research | Feudal Age |
| 9:05 | Build | Palisade Wall |
| 9:13 | Build | Lumber Camp |
| 9:27 | Build | Palisade Wall |
| 9:51 | Build | House |
| 10:02 | Build | Farm |
| 10:02 | Build | Farm |
| 10:06 | Queue | Villager (Male) |
| 10:09 | Queue | Villager (Male) |
| 10:22 | Build | Farm |
| 10:31 | Queue | Villager (Male) |
| 10:59 | Build | Farm |
| 11:02 | Build | Farm |
| 11:09 | Queue | Villager (Male) |
| 11:10 | Age | Feudal Age |
| 11:17 | Research | Double-Bit Axe |
| 11:27 | Queue | Villager (Male) |
| 11:31 | Queue | Villager (Male) |
| 11:59 | Build | Archery Range |
| 11:59 | Queue | Villager (Male) |
| 12:17 | Queue | Villager (Male) |
| 12:27 | Queue | Villager (Male) |
| 12:35 | Build | House |
| 12:38 | Queue | Villager (Male) |
| 12:50 | Queue | Skirmisher |
| 12:50 | Queue | Skirmisher |
| 12:55 | Build | Farm |
| 13:00 | Research | Horse Collar |
| 13:00 | Research | Horse Collar |
| 13:02 | Queue | Villager (Male) |
| 13:07 | Queue | Spearman |
| 13:10 | Build | House |
| 13:28 | Queue | Skirmisher |
| 13:29 | Queue | Spearman |
| 13:43 | Queue | Villager (Male) |
| 13:58 | Queue | Villager (Male) |
| 14:00 | Queue | Villager (Male) |
| 14:03 | Queue | Villager (Male) |
| 14:08 | Queue | Villager (Male) |
| 14:23 | Queue | Villager (Male) |
| 14:40 | Queue | Skirmisher |
| 15:00 | Queue | Villager (Male) |
| 15:00 | Queue | Villager (Male) |
| 15:20 | Build | Farm |
| 15:21 | Queue | Skirmisher |
| 15:35 | Build | Mill |
| 15:36 | Queue | Villager (Male) |
| 15:56 | Queue | Villager (Male) |
| 15:59 | Build | Mining Camp |
| 16:28 | Build | House |
| 16:34 | Build | Farm |
| 16:41 | Queue | Skirmisher |
| 16:57 | Queue | Skirmisher |
| 17:02 | Queue | Villager (Male) |
| 17:07 | Research | Gold Mining |
| 17:08 | Queue | Villager (Male) |
| 17:30 | Build | Farm |
| 17:35 | Build | Farm |
| 17:36 | Build | Farm |
| 17:42 | Build | Farm |
| 17:43 | Queue | Villager (Male) |
| 17:54 | Queue | Villager (Male) |
| 18:04 | Queue | Skirmisher |
| 18:20 | Research | Wheelbarrow |
| 18:28 | Build | House |
| 18:40 | Build | Blacksmith |
| 19:02 | Build | Farm |
| 19:23 | Build | House |
| 19:23 | Queue | Villager (Male) |
| 19:32 | Queue | Villager (Male) |
| 19:41 | Build | Market |
| 19:42 | Queue | Villager (Male) |
| 19:47 | Queue | Villager (Male) |
| 19:52 | Build | House |
| 19:52 | Build | House |
| 20:02 | Queue | Skirmisher |
| 20:11 | Build | House |
| 20:12 | Build | House |
| 20:14 | Build | House |
| 20:47 | Research | Castle Age |
| 20:47 | Research | Castle Age |
| 20:59 | Build | House |
| 21:03 | Build | Farm |
| 21:04 | Build | Farm |
| 21:19 | Build | House |
| 21:22 | Build | Palisade Gate |
| 21:24 | Queue | Villager (Male) |
| 21:29 | Research | Fletching |
| 21:39 | Research | Padded Archer Armor |
| 21:58 | Build | House |
| 22:04 | Queue | Skirmisher |
| 22:12 | Queue | Villager (Male) |
| 22:20 | Build | Farm |
| 22:21 | Build | Farm |
| 22:24 | Build | Archery Range |
| 22:28 | Queue | Skirmisher |
| 22:28 | Queue | Skirmisher |
| 22:28 | Queue | Skirmisher |
| 22:40 | Queue | Skirmisher |
| 22:47 | Queue | Villager (Male) |
| 22:51 | Queue | Skirmisher |
Match timeline
| 2:16 | korn · first_building Barracks |
| 4:23 | korn · wall_segment Palisade Wall x7 |
| 4:54 | korn · wall_segment Palisade Wall x1 |
| 4:56 | korn · wall_segment Palisade Wall x1 |
| 5:22 | Overcat · first_building Barracks |
| 5:56 | korn · wall_segment Palisade Wall x6 |
| 5:59 | Overcat · wall_segment Palisade Wall x1 |
| 5:59 | Overcat · wall_segment Palisade Wall x1 |
| 6:01 | Overcat · wall_segment Palisade Wall x1 |
| 6:01 | Overcat · wall_segment Palisade Wall x1 |
| 6:02 | Overcat · wall_segment Palisade Wall x1 |
| 6:24 | Overcat · wall_segment Palisade Wall x1 |
| 7:51 | korn · wall_segment Palisade Wall x19 |
| 8:28 | Overcat · age_up feudal |
| 8:46 | korn · wall_segment Palisade Wall x4 |
| 8:47 | korn · wall_segment Palisade Wall x3 |
| 8:55 | korn · wall_segment Palisade Wall x1 |
| 9:05 | korn · wall_segment Palisade Wall x1 |
| 9:27 | korn · wall_segment Palisade Wall x10 |
| 9:34 | Overcat · first_building Archery Range |
| 11:10 | korn · age_up feudal |
| 11:39 | Overcat · wall_segment Palisade Wall x4 |
| 11:59 | korn · first_building Archery Range |
| 16:04 | Overcat · first_building Stable |
| 17:09 | Overcat · wall_segment Palisade Wall x1 |
| 17:10 | Overcat · wall_segment Palisade Wall x1 |
| 19:04 | Overcat · first_market_buy 100 food |
| 19:51 | Overcat · wall_segment Palisade Wall x11 |
| 19:55 | Overcat · wall_segment Palisade Wall x7 |
| 20:18 | Overcat · wall_segment Palisade Wall x3 |
| 20:30 | korn · first_market_buy 100 food |
| 21:53 | Overcat · wall_segment Palisade Wall x4 |
| 22:00 | Overcat · age_up castle |
| 22:19 | Overcat · wall_segment Palisade Wall x1 |
| 23:09 | Overcat · first_building Siege Workshop |
| 23:18 | Overcat · first_building Monastery |
| 23:30 | korn · age_up castle |
| 25:26 | korn · first_building Stable |
| 27:42 | korn · first_building Monastery |
| 31:23 | korn · resign |
[ AI ANALYSIS · 1 CREDIT ]
What really happened in this match?
Wolo.gg analyzes every decision: build order, eco, micro, common mistakes by bracket. Personalized analysis on WhatsApp or Discord in 30 seconds.
Civ guide
Mongols
Perfil
Jugador #304414